 Dungeon Crawl Stone Soup version 0.17.1-3-g152610e (webtiles) character file.

1402 kaze the Ducker (level 8, -11/80 HPs)
             Began as a Troll Berserker on Feb 29, 2016.
             Was a Priest of Trog.
             Mangled by kaze's ghost (15 damage)
             ... while paralysed
             ... on level 5 of the Dungeon.
             The game lasted 00:14:09 (4008 turns).

kaze the Ducker (Troll Berserker)                   Turns: 4008, Time: 00:14:10

Health: -11/80     AC:  8    Str: 30    XL:     8   Next: 42%
Magic:  7/7        EV:  1    Int:  3    God:    Trog [***...]
Gold:   205        SH:  0    Dex:  9    Spells: 0 memorised, 7 levels left

rFire  + . .     SeeInvis .     q - +0 war axe
rCold  . . .     Clarity  .     d - +2 robe {rF+}
rNeg   . . .     SustAt   .     w - +0 shield
rPois  .         Gourm    +     (helmet restricted)
rElec  .         Spirit   .     e - +0 cloak
rCorr  .         Warding  .     (gloves unavailable)
rMut   .         Stasis   .     (boots unavailable)
MR     .....                    (no amulet)
Stlth  +.........               (no ring)
                                (no ring)

@: paralysed, exhausted, slowed, not resistant to hostile enchantments, very
unstealthy
A: unfitting armour, claws 3, fast metabolism 3, gourmand, regeneration 2,
shaggy fur 1, strong 1, tough skin 2
a: Berserk, Trog's Hand, Burn Spellbooks, Renounce Religion


You were on level 5 of the Dungeon.
You worshipped Trog.
Trog was most pleased with you.
You were not hungry.

You visited 1 branch of the dungeon, and saw 5 of its levels.

You collected 205 gold pieces.

Inventory:

Hand Weapons
 j - a +0 giant spiked club
 q - a +0 war axe (weapon)
Missiles
 p - 4 tomahawks (quivered)
Armour
 a - a +0 animal skin
 d - a +2 robe of fire resistance (worn)
 e - a +0 cloak (worn)
 w - a +0 shield (worn)
Wands
 i - a wand of polymorph (3)
 r - a wand of random effects (43)
 u - a wand of polymorph (18)
Scrolls
 c - 7 scrolls of identify
 g - a scroll of magic mapping
 h - 2 scrolls of teleportation
 k - a scroll of fear
 o - a scroll of fog
 v - a scroll of enchant armour
Potions
 n - 2 potions of curing
 s - 2 potions of agility
 t - a potion of brilliance {unknown}
 x - a potion of mutation {unknown}
Comestibles
 b - 5 bread rations
 f - 3 fruits
 l - 2 beef jerkies
 m - 2 meat rations


   Skills:
 + Level 5.0 Fighting
 + Level 1.1(1.8) Axes
 + Level 2.4(2.6) Maces & Flails
 + Level 6.0 Dodging
 + Level 1.0 Stealth
 + Level 1.4 Shields
 + Level 5.0 Unarmed Combat


You had 7 spell levels left.
You didn't know any spells.

Dungeon Overview and Level Annotations

Branches:
Dungeon (5/15)
 Temple: D:4-7

Altars:
Elyvilon
Qazlal
Ru
Xom

Shops:
D:5 [

Annotations:
D:5 kaze's ghost, novice TrBe


Innate Abilities, Weirdness & Mutations

You are too large for most types of armour.
You have claws for hands.
Your metabolism is lightning-fast.
You like to eat raw meat.
You heal very quickly.
You are covered in fur (AC +1).
You have very tough skin (AC +2).
Your muscles are strong. (Str +2)


Message History

Kaze's ghost hits you!
You hit kaze's ghost but do no damage.
Kaze's ghost is heavily damaged.
Kaze's ghost hits you.
You closely miss kaze's ghost.
Kaze's ghost is heavily damaged.
Kaze's ghost hits you.
You slash kaze's ghost!
Kaze's ghost is heavily damaged.
You block kaze's ghost's attack.
You closely miss kaze's ghost.
Kaze's ghost is heavily damaged.
You are no longer berserk.
You pass out from exhaustion.
You feel yourself slow down. Kaze's ghost hits you!!
* * * LOW HITPOINT WARNING * * *
Kaze's ghost hits you!
* * * LOW HITPOINT WARNING * * *
Kaze's ghost hits you!
You die...

#..<#.........# #.###.#######.#
#.# #.# #.######### #.###.#
#.......... #.....# ##########.
################# ####### #.
.[....).)...#...# #.....# #.
###########.#.#.###.....########.
..).(.((.....♣..@W'...[.'........
#########.#)....###.....'#######.
#..)....♣∩♣.....#).....# #.
#####.###.##..#.###.#......# #.
#..†..# #....♣#...#.#......# #.
#.##..# #####.##..#.#......# #.
...#..# #.........####'### #.
#..#..# #.....#.### #.# #.
#..#..# #.....#.## #.# #.


You could see kaze's ghost.

Vanquished Creatures
  The ghost of kaze the Ruffian, an amateur TrBe of Trog (D:3)
  A sky beast (D:5)
  A black bear (D:5)
  2 ogres
  2 phantoms
  A centaur (D:5)
  2 scorpions
  3 crimson imps (D:5)
  A giant frog zombie (D:5)
  A hound (D:5)
  A centaur skeleton (D:4)
  A centaur zombie (D:3)
  An orc priest (D:4)
  5 orc wizards
  A worker ant (D:4)
  A giant frog skeleton (D:4)
  An iguana (D:4)
  5 adders
  5 worms
  12 orcs
  6 giant cockroaches
  2 hobgoblins
  7 jackals
  2 quokkas
  11 bats
  2 giant geckos
  A giant gecko skeleton (D:5)
  2 giant newts
  7 goblins
  7 kobolds
  A quokka skeleton (D:5)
  5 rats
101 creatures vanquished.

Notes
Turn   | Place    | Note
--------------------------------------------------------------
     0 | D:1      | kaze the Troll Berserker began the quest for the Orb.
     0 | D:1      | Reached XP level 1. HP: 22/22 MP: 0/0
   146 | D:1      | Reached XP level 2. HP: 27/29 MP: 1/1
   892 | D:2      | Found a sacrificial altar of Ru.
   913 | D:2      | Reached ** piety under Trog
   989 | D:2      | Reached XP level 3. HP: 36/36 MP: 2/2
  1442 | D:3      | Found a faded altar to an unknown god.
  1456 | D:3      | Reached XP level 4. HP: 45/45 MP: 3/3
  1501 | D:3      | Noticed kaze's ghost (amateur TrBe)
  1509 | D:3      | Killed kaze's ghost
  1509 | D:3      | Reached XP level 5. HP: 50/53 MP: 4/4
  1588 | D:3      | Reached skill level 4 in Unarmed Combat
  1701 | D:3      | Found a stormy altar of Qazlal.
  2094 | D:4      | Noticed an ogre
  2095 | D:4      | Found a shimmering altar of Xom.
  2099 | D:4      | Killed an ogre
  2099 | D:4      | Reached XP level 6. HP: 62/62 MP: 5/5
  2176 | D:4      | Noticed a phantom
  2189 | D:4      | Killed a phantom
  2380 | D:4      | Reached *** piety under Trog
  2409 | D:4      | Found a white marble altar of Elyvilon.
  2474 | D:4      | Reached XP level 7. HP: 12/70 MP: 6/6
  2764 | D:4      | Reached skill level 5 in Unarmed Combat
  3065 | D:4      | Reached skill level 1 in Maces & Flails
  3130 | D:5      | Entered Level 5 of the Dungeon
  3160 | D:5      | Found Kuitwuq's Antique Armour Shoppe.
  3238 | D:5      | Reached skill level 5 in Dodging
  3510 | D:5      | Reached skill level 1 in Stealth
  3510 | D:5      | Reached XP level 8. HP: 42/79 MP: 7/7
  3659 | D:5      | Gained mutation: Your muscles are strong. (Str +2) [mutagenic meat]
  3802 | D:5      | Reached skill level 1 in Shields
  3867 | D:5      | Reached skill level 1 in Axes
  3965 | D:5      | Reached skill level 5 in Fighting
  3965 | D:5      | Reached skill level 6 in Dodging
  3988 | D:5      | Noticed kaze's ghost (novice TrBe)
  4007 | D:5      | HP: 4/80 [kaze's ghost (14)]
  4008 | D:5      | Mangled by kaze's ghost

Action                   |  1- 3 |  4- 6 |  7- 9 || total
-------------------------+-------+-------+-------++-------
Melee: Unarmed           |    98 |    63 |       ||   161
       Giant spiked club |       |    46 |    46 ||    92
       War axe           |       |       |   146 ||   146
Invok: Berserk           |       |     2 |     6 ||     8
  Use: Potion            |     4 |       |     1 ||     5
       Scroll            |     1 |     9 |     2 ||    12
  Eat: Chunk             |    19 |    10 |    16 ||    45
